Map: Kairos Junction LE

Players

MamaLaMacro - Winner!

  • Race: Protoss Protoss
  • League: Master
  • Spawn Location: 11:00

llllllllllll

  • Race: Terran Terran
  • League: Master
  • Spawn Location: 5:00

VOD

https://www.youtube.com/watch?v=rYCbGBjNtAc&feature=youtu.be

Description

Time

  • Played on: March 23, 2019, 10:06 p.m.
  • Length: 4:25
Show
View Real Time Build Order
Export as new Build Order

MamaLaMacro Protoss - Winner!

Build Orders: Proxy Void Ray 

Get SALT Encoding   

  12  0:00  Probe  
  13  0:13  Probe  
  14  0:17  Pylon  
  14  0:25  Probe  
  15  0:34  Probe  
  15  0:35  Gateway  
  16  0:43  Probe, Assimilator  
  17  0:53  Assimilator  
  17  0:54  Probe  
  18  1:06  Probe  
  19  1:18  Probe  
  19  1:24  Cybernetics Core  
  20  1:26  Zealot  
  20  1:31  Pylon  
  22  1:34  Probe  
  23  1:49  Probe  
  24  2:00  Adept  
  26  2:01  Probe  
  26  2:02  Stargate  
  27  2:10  Warp Gate  
  27  2:13  Probe  
  28  2:16  Pylon  
  28  2:26  Probe  
  29  2:30  Adept  
  29  2:31  Void Ray  
  31  2:51  Pylon  
  35  3:02  Void Ray  
  35  3:12  Shield Battery  
  37  3:20  Shield Battery  
  37  3:27  Shield Battery  
  35  3:40  Void Ray  
  35  3:46  Pylon  
  37  4:10  Adept  
  37  4:12  Shield Battery  
  39  4:19  Shield Battery  
Show
View Real Time Build Order
Export as new Build Order

llllllllllll Terran 

Build Orders:  

Get SALT Encoding   

  12  0:00  SCV  
  13  0:13  SCV  
  14  0:17  Supply Depot  
  14  0:25  SCV  
  15  0:38  SCV  
  15  0:40  Barracks  
  16  0:50  SCV  
  17  1:02  SCV  
  18  1:14  SCV  
  19  1:26  Marine  
  19  1:27  Orbital Command  
  19  1:30  Command Center  
  20  1:36  Refinery  
  20  1:44  Marine  
  21  1:52  SCV  
  21  1:53  Supply Depot  
  22  2:02  Marine  
  22  2:08  Refinery  
  23  2:14  SCV  
  24  2:19  Marine, Bunker  
  25  2:27  SCV  
  26  2:37  Marine  
  26  2:39  SCV  
  26  2:41  Factory  
  26  2:42  Orbital Command  
  28  2:51  SCV  
  29  2:55  Marine  
  30  3:03  SCV  
  31  3:15  Marine  
  31  3:16  SCV  
  31  3:19  SCV  
  34  3:29  Widow Mine  
  34  3:33  Marine, SCV  
  37  3:36  Barracks  
  37  3:38  Barracks  
  37  3:40  SCV  
  38  3:45  SCV  
  38  3:47  Starport  
  36  3:50  Marine  
  36  3:52  Widow Mine  
  38  3:57  SCV  
  38  3:58  SCV  
  38  4:09  SCV  
  39  4:10  Starport  
  41  4:20  Supply Depot  
Tags
 
Add a new tag
Caveats
  • Supply blocks, unpowered buildings, or Contaminate may cause inaccurate times.
  • Supply counts are checked every 10 seconds.